 Dungeon Crawl Stone Soup version 0.29.1-13-g9f3cf754e1 (webtiles) character file.

Game seed: 11003959470516924761

9 bubby the Shield-Bearer (level 2, 0/16 HPs)
             Began as a Vine Stalker Fighter on Jan 24, 2023.
             Slain by a kobold
             ... wielding a +2 dagger of electrocution
              (11 damage)
             ... on level 1 of the Dungeon.
             The game lasted 00:00:27 (258 turns).

bubby the Shield-Bearer (Vine Stalker Fighter)       Turns: 258, Time: 00:00:27

Health: 0/16       AC:  6    Str: 18    XL:     2   Next: 16%
Magic:  0/3        EV:  9    Int:  8    God:
Gold:   12         SH:  4    Dex: 13    Spells: 1/1 levels left

rFire   . . .      SeeInvis .   a - +0 war axe
rCold   . . .      Faith    .   c - +0 buckler
rNeg    . . .      Spirit   +   b - +0 scale mail
rPois   .          Reflect  .   (no helmet)
rElec   .          Harm     .   (no cloak)
rCorr   .          Rampage  .   (no gloves)
Will    .....                   (no boots)
Stlth   ..........              (no amulet)
HPRegen 0.05/turn               (no ring)
MPRegen 0.08/turn               (no ring)

@: no status effects
A: fangs 2, magic shield, antimagic bite, no potion heal 2
a: no special abilities


You were on level 1 of the Dungeon.
You visited 1 branch of the dungeon, and saw 1 of its levels.

You collected 12 gold pieces.

Inventory:

Hand Weapons
 a - a +0 war axe (weapon)
Armour
 b - a +0 scale mail (worn)
 c - a +0 buckler (worn)
Scrolls
 e - a scroll of summoning {unknown}
 f - a scroll of identify {unknown}
Potions
 d - a potion of might
 g - a potion of cancellation {unknown}


   Skills:
 - Level 2.7 Fighting
 + Level 2.4 Axes
 - Level 2.4 Armour
 - Level 2.7 Shields


You had one spell level left.
You didn't know any spells.
Your spell library was empty.

Dungeon Overview and Level Annotations

Branches:
Dungeon (1/15)

Altars:


Innate Abilities, Weirdness & Mutations

You have extremely sharp teeth.
When hurt, damage is shared between your health and your magic reserves.
Your bite disrupts and absorbs the magic of your enemies.
Potions cannot restore your health.


Message History

You closely miss the bat.
The bat is moderately wounded.
The bat hits you but does no damage. You block the bat's attack. x2
A bat is nearby!
You slash the bat!
You kill the bat!
Key pressed, stopping explore.
No target in view!
No target in view!
A ball python comes into view.
A ball python is nearby!
A ball python is nearby!
You closely miss the ball python.
You bite the ball python, but do no damage.
The ball python bites you but does no damage.
The ball python grabs you. The ball python constricts you.
The ball python barely misses you. The ball python constricts you.
A ball python is nearby!
You hit the ball python.
You kill the ball python!
A kobold comes into view.
It is wielding a +2 dagger of electrocution.
The kobold shouts!
The kobold throws a stone.
The stone hits you but does no damage.
A kobold is nearby!
A kobold is nearby!
The kobold throws a stone.
The stone hits you.
A kobold is nearby!
The kobold completely misses you.
A kobold is nearby!
You closely miss the kobold. Your bite misses the kobold.
The kobold hits you but does no damage. x2
A kobold is nearby!
You barely miss the kobold.
The kobold hits you with a +2 dagger of electrocution.
A kobold is nearby!
You closely miss the kobold.
The kobold hits you with a +2 dagger of electrocution.
You are electrocuted!
Ouch! That really hurt!
You die...

..# ##..# ## ....### #.
... #...... ..# ######.#
#.......##... .......##
..#####......###........
.....#.........#........
.......# #...#K.......
.....### #..@.......
.....#### ##..........
........#####...........
........................
........................
.............#.#........
.............#.#........
.............#.####.####
..###........#.# .#


You could see a kobold.

Vanquished Creatures
  2 ball pythons (D:1)
  An endoplasm (D:1)
  A giant cockroach (D:1)
  A goblin (D:1)
  A hobgoblin (D:1)
  A bat (D:1)
  A frilled lizard (D:1)
  A rat (D:1)
9 creatures vanquished.

Notes
Turn   | Place    | Note
-------+----------+-------------------------------------------
     0 | D:1      | bubby the Vine Stalker Fighter began the quest for the Orb.
     0 | D:1      | Reached XP level 1. HP: 11/11 MP: 2/2
   161 | D:1      | Reached XP level 2. HP: 16/16 MP: 3/3
   258 | D:1      | Slain by a kobold

Illustrated notes

Levels and vault maps discovered:
D:1:      dpeg_arrival_shelter, layout_rooms

Skill      XL: |  1 |
---------------+----+-----
Axes           | 2 |  2.4
Fighting       | |  2.7
Armour         | |  2.4
Shields        | |  2.7

Action                   || total
-------------------------++-------
Melee: War axe           ||    25
       Bite              ||     4
Armor: Scale mail        ||    15
Dodge: Dodged            ||    18
Block: Buckler           ||     7
